 Dungeon Crawl Stone Soup version 0.22-a0-580-gd5db89c (webtiles) character file.

178 theanonym the Magician (level 5, -7/35 HPs)
             Began as a Mummy Summoner on July 3, 2018.
             Was an Initiate of Vehumet.
             Killed by divine providence
             ... invoked by an orc priest
              (11 damage)
             ... on level 4 of the Dungeon.
             The game lasted 00:06:53 (4671 turns).

theanonym the Magician (Mummy Summoner)             Turns: 4671, Time: 00:06:54

Health: -7/35      AC:  5    Str: 11    XL:     5   Next: 32%
Magic:  6/12       EV: 11    Int: 15    God:    Vehumet [......]
Gold:   220        SH:  0    Dex: 13    Spells: 6/13 levels left

rFire    x . .     SeeInvis .   i - +2 dagger (freeze)
rCold    + . .     Gourm    .   (no shield)
rNeg     + + +     Faith    .   g - +0 leather armour
rPois    ∞         Spirit   .   d - +1 helmet
rElec    .         Reflect  .   (no cloak)
rCorr    .         Harm     .   (no gloves)
MR       .....                  (no boots)
Stlth    ++........             (no amulet)
HPRegen  0.11/turn              (no ring)
MPRegen  0.13/turn              (no ring)

@: no status effects
A: no food or potions, fire vulnerability, cold resistance 1, negative energy
resistance 3, torment resistance, unbreathing
a: Renounce Religion


Innate Abilities, Weirdness & Mutations

You do not eat or drink.
Your flesh is vulnerable to fire.
You are immune to poison.
Your flesh is cold resistant. (rC+)
You are immune to negative energy. (rN+++)
You are immune to unholy pain and torment.
You can survive without breathing.


   Skills:
 - Level 1.5 Dodging
 - Level 1.5 Stealth
 + Level 4.7 Spellcasting
 + Level 4.2 Summonings
 * Level 1.7 Ice Magic


You had 6 spell levels left.
You knew the following spells:

 Your Spells              Type           Power        Failure   Level  Hunger
a - Summon Small Mammal   Summ           ###.         3%          1    N/A
b - Call Imp              Summ           ###.....     6%          2    N/A
c - Summon Ice Beast      Ice/Summ       ##......     54%         4    N/A

Your spell library contained the following spells:

 Spells                   Type           Power        Failure   Level  Hunger
 Call Canine Familiar     Summ           ###.....     12%         3    N/A
 Summon Lightning Spire   Summ/Air       #.......     67%         4    N/A
 Summon Guardian Golem    Hex/Summ       #.......     28%         3    N/A

Skill      XL: |  1  2  3  4 |
---------------+-------------+-----
Spellcasting   | 3 4 |  4.7
Summonings     | 4 |  4.2
Ice Magic      | 1 |  1.7
Dodging        | |  1.5
Stealth        | |  1.5

Action                   |  1- 3 |  4- 6 || total
-------------------------+-------+-------++-------
Melee: Dagger            |   156 |    83 ||   239
       Unarmed           |    13 |       ||    13
       Rapier            |       |    45 ||    45
 Cast: Summon Small Mamm |    16 |       ||    16
       Call Imp          |     7 |    19 ||    26
  Use: Scroll            |       |     5 ||     5
 Stab: Sleeping          |     3 |       ||     3
Armor: Robe              |    24 |       ||    24
       Leather armour    |    29 |    41 ||    70
Dodge: Dodged            |   134 |    92 ||   226

Inventory:

Hand Weapons
 c - a +0 dagger
   (You took it off a kobold on level 1 of the Dungeon)
 i - a +2 dagger of freezing (weapon)
   (You took it off an orc on level 4 of the Dungeon)
 j - a +0 rapier
   (You found it on level 3 of the Dungeon)
Armour
 a - a +0 robe
 d - a +1 helmet (worn)
   (You found it on level 1 of the Dungeon)
 g - a +0 leather armour (worn)
   (You found it on level 1 of the Dungeon)
Wands
 e - a wand of enslavement (16)
   (You found it on level 4 of the Dungeon)
Scrolls
 b - 2 scrolls of enchant armour
 f - a scroll of immolation
 h - a scroll of random uselessness {unknown}
 n - 4 scrolls of remove curse


You were on level 4 of the Dungeon.
You worshipped Vehumet.
Vehumet was noncommittal.
You were not hungry.

You visited 1 branch of the dungeon, and saw 4 of its levels.

You collected 220 gold pieces.

Dungeon Overview and Level Annotations

Branches:
Dungeon (4/15)
 Temple: D:4-7

Altars:
Gozag
Ru
Vehumet
Zin

#.##......#
#.#...#.....#.....#
#.#########
#.......###'#'###.. #.#
###.....#...#...#.. #.#
####.#..#.......#.. #.#
#######....#.####.).####.
#.#
#.....#....#..#.......#..
#.#
#....>........#.......#..
#.#
#.......<....#...........
#.#
#.......@5...#...........
#.#
#.......†....#[#######...
#.# ######.....#.#.# #...
#5# #######.5.......# #...
#o# #.......o5....### #...
#o# #.####......#.# ##!..
#.####
#.####.######.########....
#....#
#.##..............#.......
####.#
#.##.#.#####.####.#.......


You could see an orc priest, 2 friendly crimson imps and a friendly white imp.

Notes
Turn   | Place    | Note
-------+----------+-------------------------------------------
     0 | D:1      | theanonym the Mummy Summoner began the quest for the Orb.
     0 | D:1      | Reached XP level 1. HP: 13/13 MP: 4/4
    54 | D:1      | HP: 5/13 [kobold (3)]
   321 | D:1      | Reached skill level 3 in Spellcasting
   384 | D:1      | Reached XP level 2. HP: 16/19 MP: 3/6
   392 | D:1      | HP: 9/19 [frilled lizard (2)]
   397 | D:1      | HP: 5/19 [jackal (1)]
   405 | D:1      | HP: 5/19 [jackal (1)]
   422 | D:1      | HP: 5/19 [bat (1)]
   740 | D:1      | HP: 9/19 [hobgoblin (5)]
  1116 | D:1      | HP: 9/19 [hobgoblin/club (5)]
  1366 | D:1      | Learned a level 2 spell: Call Imp
  1644 | D:2      | Reached XP level 3. HP: 24/24 MP: 4/8
  1736 | D:2      | Noticed Jessica
  1745 | D:2      | Killed Jessica
  1745 | D:2      | Reached skill level 4 in Spellcasting
  1955 | D:2      | Reached skill level 4 in Summonings
  2444 | D:3      | HP: 9/24 [worm (5)]
  2449 | D:3      | HP: 2/24 [worm (8)]
  2449 | D:3      | Reached XP level 4. HP: 2/30 MP: 6/10
  2488 | D:3      | Learned a level 4 spell: Summon Ice Beast
  2805 | D:3      | Found a radiant altar of Vehumet.
  2877 | D:3      | Became a worshipper of Vehumet
  3490 | D:4      | Reached skill level 1 in Ice Magic
  3729 | D:4      | Found a sacrificial altar of Ru.
  3735 | D:4      | Found an opulent altar of Gozag.
  3818 | D:4      | Reached XP level 5. HP: 35/35 MP: 8/11
  3925 | D:4      | HP: 6/35 [orc priest/divine providence (12)]
  4195 | D:4      | Found a glowing silver altar of Zin.
  4395 | D:4      | HP: 10/35 [orc priest/divine providence (12)]
  4667 | D:4      | HP: 17/35 [orc priest/divine providence (16)]
  4670 | D:4      | HP: 4/35 [orc priest/divine providence (13)]
  4671 | D:4      | Killed from afar by an orc priest

Vanquished Creatures
  A bullfrog skeleton (D:4)
  A hound skeleton (D:4)
  4 adders
  2 adder skeletons (D:4)
  A worm (D:2)
  4 dart slugs
  A leopard gecko (D:2)
  4 orcs (D:4)
  3 ball pythons
  2 bats (D:1)
  4 giant cockroaches
  6 goblins
  2 hobgoblins (D:1)
  2 jackals (D:1)
  A quokka (D:4)
  4 frilled lizards
  8 kobolds
  6 rats
56 creatures vanquished.

Vanquished Creatures (collateral kills)
  Jessica (D:2)
  A worker ant (D:4)
  A worm (D:3)
  A leopard gecko (D:4)
  5 orcs (D:4)
  A jackal (D:1)
  2 bats
  2 kobolds (D:1)
14 creatures vanquished.

Vanquished Creatures (others)
  A kobold (D:3)
1 creature vanquished.

Grand Total: 71 creatures vanquished

Table legend:
 A = Turns spent in this place as a percentage of turns spent in the entire game.
 B = Non-inter-level travel turns spent in this place as a percentage of non-inter-level travel turns spent in the entire game.
 C = Inter-level travel turns spent in this place as a percentage of turns spent in this place.
 D = Turns resting spent in this place as a percentage of non-inter-level travel turns spent in this place.
 E = Turns spent auto-exploring this place as a percentage of non-inter-level travel turns spent in this place.
 F = Non-inter-level travel turns spent in this place divided by the number of levels of this place that you've seen.
                   A       B       C       D       E      F
               +-------+-------+-------+-------+-------+----------------------
         Total | 100.0 | 100.0 |   2.0 |  45.1 |  38.4 | 1144.5
       Dungeon | 100.0 | 100.0 |   2.0 |  45.1 |  38.4 | 1144.5
               +-------+-------+-------+-------+-------+----------------------
